 Dungeon Crawl Stone Soup version 0.26-a0-651-gb41185065b (webtiles) character file.

Game seed: 8488657865726895322

175 Flugslaktarn the Covered (level 5, -12/50 HPs)
             Began as a Deep Dwarf Fighter on Oct 12, 2020.
             Was an Initiate of Makhleb.
             Mangled by an ogre
             ... wielding a +0 giant club
              (15 damage)
             ... on level 4 of the Dungeon.
             The game lasted 00:00:50 (601 turns).

Flugslaktarn the Covered (Deep Dwarf Fighter)        Turns: 601, Time: 00:00:51

Health: -12/50     AC: 11    Str: 20    XL:     5   Next: 29%
Magic:  4/4        EV:  4    Int:  8    God:    Makhleb [......]
Gold:   118        SH:  9    Dex: 13    Spells: 4/4 levels left

rFire    . . .     SeeInvis .   a - +1 war axe
rCold    . . .     Faith    .   c - +0 kite shield
rNeg     . . .     Spirit   .   h - +0 plate armour
rPois    .         Reflect  .   (no helmet)
rElec    .         Harm     .   (no cloak)
rCorr    .         Rampage  .   (no gloves)
MR       .....                  (no boots)
Stlth    ..........             (no amulet)
HPRegen  0.00/turn              (no ring)
MPRegen  0.09/turn              (no ring)

@: non-regenerating
A: damage resistance, heal wounds, sense surroundings 1, no regeneration
a: Heal Wounds, Renounce Religion


You were on level 4 of the Dungeon.
You worshipped Makhleb.
Makhleb was noncommittal.
You visited 2 branches of the dungeon, and saw 5 of its levels.

You collected 118 gold pieces.

Inventory:

Hand Weapons
 a - a +1 war axe (weapon)
Armour
 c - a +0 kite shield (worn)
 h - a +0 plate armour (worn)
   (You found it on level 3 of the Dungeon)
Scrolls
 b - a scroll of blinking {unknown}
 e - a scroll of identify {unknown}
 f - a scroll of remove curse {unknown}
 g - a scroll of random uselessness {unknown}
 i - a scroll of fear {unknown}
 j - a scroll of amnesia {unknown}
Potions
 d - a potion of might
 k - a potion of brilliance {unknown}


   Skills:
 * Level 3.8 Fighting
 * Level 3.8 Axes
 + Level 4.0 Armour
 + Level 0.8 Dodging
 - Level 3.7 Shields
 + Level 1.0 Invocations


You had 4 spell levels left.
You didn't know any spells.
Your spell library was empty.

Dungeon Overview and Level Annotations

Branches:
Dungeon (4/15)             Temple (1/1) D:4

Altars:
Ashenzari
Dithmenos
Elyvilon
Gozag
Makhleb
Qazlal
Sif Muna
Uskayaw
Vehumet
Wu Jian
Yredelemnul
Zin
The Shining One


Innate Abilities, Weirdness & Mutations

You are resistant to damage.
You can heal yourself by infusing magical energy.
You passively map a small area around you.
You do not regenerate.


Message History

You feel much better. The ogre hits you with a +0 giant club!
The quokka bites you but does no damage.
You hit the ogre.
The ogre is severely wounded.
You completely miss the quokka.
The quokka bites you but does no damage.
The ogre hits you with a +0 giant club!!
* * * LOW HITPOINT WARNING * * *
You are too injured to fight recklessly!
You are too injured to fight recklessly!
You are too injured to fight recklessly!
You are too injured to fight recklessly!
You are too injured to fight recklessly!
You fail to use your ability.
You block the quokka's attack. The ogre barely misses you.
You block the quokka's attack.
You fail to use your ability.
The quokka bites you but does no damage.
You are too injured to fight recklessly!
You fail to use your ability.
The ogre hits you with a +0 giant club!
You die...

, * ............# *
.##...#.................#
.......................##
*
..............<.....####
..................[.###
....................†.##
...........#...........##
,
.......r)..##...........#
*,
.......O@...#...........#
.........................
.....................#...
* ,
##.........##..#.....####
#........###.###..###
#.........# ### #.##
#........## ###
##(##...## ##.#


You could see an ogre and a quokka.

Vanquished Creatures
  A hound (D:4)
  Natasha (twice) (D:4)
  2 worker ants (D:4)
  2 adders
  An ooze (D:1)
  2 dart slugs
  An orc (D:4)
  4 giant cockroaches
  A hobgoblin (D:1)
  4 bats
  A frilled lizard (D:4)
  4 kobolds
  3 rats (D:1)
28 creatures vanquished.

Notes
Turn   | Place    | Note
-------+----------+-------------------------------------------
     0 | D:1      | Flugslaktarn the Deep Dwarf Fighter began the quest for the
                  | Orb.
     0 | D:1      | Reached XP level 1. HP: 20/20 MP: 1/1
    64 | D:1      | Reached XP level 2. HP: 27/27 MP: 2/2
   234 | D:2      | Reached XP level 3. HP: 30/34 MP: 3/3
   383 | D:4      | Reached XP level 4. HP: 31/42 MP: 4/4
   384 | D:4      | Found a staircase to the Ecumenical Temple.
   393 | D:4      | Noticed Natasha
   395 | Temple   | Entered the Ecumenical Temple
   456 | Temple   | Became a worshipper of Makhleb the Destroyer
   479 | D:4      | Killed Natasha
   490 | D:4      | Noticed Natasha
   503 | D:4      | Killed Natasha
   503 | D:4      | Reached skill level 4 in Armour
   503 | D:4      | Reached XP level 5. HP: 35/50 MP: 4/4
   548 | D:4      | Reached skill level 1 in Invocations
   588 | D:4      | Noticed an ogre
   601 | D:4      | Mangled by an ogre

Illustrated notes

Levels and vault maps discovered:
D:1:      scummos_arrival_star, layout_rooms
D:2:      layout_basic, nicolae_overflow_hidden_temple
D:3:      layout_basic, lemuel_doored_altar, chequers_ecumenical_altar_simple
D:4:      layout_cave_pools, minmay_temple_entry_ruins, uniq_natasha
Temple:   nicolae_temple_god_jail

Skill      XL: |  1  2  3  4  5 |
---------------+----------------+-----
Fighting       | 3 |  3.8
Axes           | 3 |  3.8
Armour         | 4 |  4.0
Invocations    | 1 |  1.0
Dodging        | |  0.8
Shields        | |  3.7

Action                   |  1- 3 |  4- 6 || total
-------------------------+-------+-------++-------
Melee: War axe           |    70 |    36 ||   106
 Abil: Heal Wounds       |       |     3 ||     3
  Use: Scroll            |     1 |       ||     1
Armor: Chain mail        |    22 |       ||    22
       Plate armour      |    38 |    26 ||    64
Dodge: Dodged            |    21 |     8 ||    29
Block: Kite shield       |    50 |    18 ||    68

Table legend: (Time is in decaauts)
 A = Elapsed time spent in this place.
 B = Non-inter-level travel time spent in this place.
 C = Inter-level travel time spent in this place.
 D = Time resting spent in this place.
 E = Time spent auto-exploring this place.
 F = Levels seen in this place.
 G = Mean time per level.
                   A        B        C        D        E       F      G
               +--------+--------+--------+--------+--------+-----+--------+
         Total |    655 |    581 |     74 |      0 |    289 |   5 |  131.0 |
       Dungeon |    575 |    544 |     31 |      0 |    255 |   4 |  143.8 |
        Temple |     79 |     36 |     43 |      0 |     34 |   1 |   79.0 |
               +--------+--------+--------+--------+--------+-----+--------+

Top non-repeatable levels by time:
     D:1: 228 daAuts
     D:4: 220 daAuts
     D:3: 101 daAuts
  Temple: 79 daAuts
     D:2: 24 daAuts
